 Dungeon Crawl Stone Soup version 0.27.0-1-g7a089689b8 (webtiles) character file.

Game seed: 10785596438783535587

6969 Acheron the Grappler (level 10, 0/93 HPs)
             Began as a Troll Enchanter on Aug 10, 2021.
             Was a Believer of Ru.
             Slain by a killer bee (2 damage)
             ... on level 9 of the Dungeon.
             The game lasted 00:54:47 (8159 turns).

Acheron the Grappler (Troll Enchanter)              Turns: 8159, Time: 00:54:48

Health: 0/93       AC:  6    Str: 16    XL:     10   Next: 81%
Magic:  10/10      EV: 11    Int: 11    God:    Ru [**....]
Gold:   537        SH:  5    Dex: 13    Spells: 5/11 levels left

rFire    + . .     SeeInvis .   e - +1 war axe (spect)
rCold    + . .     Faith    .   (no shield)
rNeg     . . .     Spirit   .   d - +0 troll leather armour
rPois    +         Reflect  +   (helmet restricted)
rElec    +         Harm     .   (no cloak)
rCorr    +         Rampage  .   (gloves unavailable)
Will     .....                  (boots unavailable)
Stlth    ++........             l - amulet of reflection
HPRegen  2.25/turn              (no ring)
MPRegen  0.12/turn              (no ring)

@: lethally poisoned (0 -> -1), resistant
A: large, unfitting armour, claws 3, regeneration 1, shaggy fur 1, tough skin 1,
weak 1, no conjurations magic, no fire magic, no transmutations magic, disrupted
magic 1
a: Renounce Religion


You were on level 9 of the Dungeon.
You worshipped Ru.
Ru was pleased with you.
You visited 2 branches of the dungeon, and saw 11 of its levels.

You collected 537 gold pieces.

Inventory:

Hand Weapons
 c - a +1 long sword of holy wrath
 e - a +1 spectral war axe (weapon)
 n - a +2 dire flail of protection
 w - the +3 dagger of Romaidewk {pain, SInv}
   (You found it on level 7 of the Dungeon)

   In the hands of one skilled in necromantic magic, it inflicts extra damage on
   living creatures.
   SInv:      It lets you see invisible.
 D - a +3 vorpal spear
 F - a +2 whip of freezing
Missiles
 i - 32 poisoned darts
 o - 6 boomerangs
 q - 6 silver boomerangs
 u - 4 large rocks (quivered)
 v - 7 curare-tipped darts
Armour
 d - a +0 troll leather armour (worn)
Jewellery
 l - an amulet of reflection (around neck)
Wands
 f - a wand of flame (14)
 p - a wand of digging (4)
 r - a wand of acid (19)
 x - a wand of iceblast (8)
 A - a wand of polymorph (9)
 C - a wand of paralysis (8)
Scrolls
 y - a scroll of fog
 E - a scroll of amnesia
 G - a scroll of silence {unknown}
Potions
 a - 2 potions of curing {unknown}
 g - 2 potions of lignification
 h - a potion of mutation {unknown}
 k - a potion of attraction {unknown}
 s - a potion of brilliance {unknown}
 B - a potion of cancellation {unknown}
Miscellaneous
 t - a lightning rod (4/4)


   Skills:
 * Level 4.2 Fighting
 - Level 0.7 Short Blades
 * Level 4.7 Axes
 * Level 3.6 Throwing
 * Level 2.3 Armour
 * Level 5.0 Dodging
 * Level 3.8 Stealth
 * Level 3.0 Shields
 + Level 9.1 Unarmed Combat
 + Level 1.3 Spellcasting
 - Level 2.0 Hexes
 * Level 3.3 Evocations


You had 5 spell levels left.
You knew the following spells:

 Your Spells              Type           Power      Damage    Failure   Level
a - Corona                Hex            5%         N/A       22%         1
b - Ensorcelled Hibernat  Hex/Ice        4%         N/A       45%         2
c - Frozen Ramparts       Ice            0%         1d2       82%         3

Your spell library contained the following spells:

 Spells                   Type           Power      Damage    Failure   Level
 Confusing Touch          Hex            5%         N/A       52%         3
 Tukima's Dance           Hex            5%         N/A       52%         3
 Summon Ice Beast         Ice/Summ       0%         N/A       99%         4
 Shatter                  Erth           0%         3d5*      100%        9
 Dazzling Flash           Conj/Hex       Unusable   N/A       N/A         3
 Stone Arrow              Conj/Erth      Unusable   3d7       N/A         3
 Ice Form                 Ice/Tmut       Unusable   N/A       N/A         4
 Bolt of Magma            Conj/Fire/Erth Unusable   4d4       N/A         5

Dungeon Overview and Level Annotations

Branches:
Dungeon (10/15)            Temple (1/1) D:6
   Lair: D:8-11         Orc: D:9-12

Altars:
Ashenzari
Cheibriados
Dithmenos
Elyvilon
Fedhas
Gozag
Hepliaklqana
Makhleb
Nemelex Xobeh
Okawaru
Qazlal
Ru
Sif Muna
Trog
Uskayaw
Vehumet
Wu Jian
Xom
Yredelemnul
Zin
The Shining One

Shops:
D:1 [   D:5 *

Annotations:
D:2 Sigmund
D:4 Blork the orc
D:7 exclusion: downstairs
D:9 exclusion: downstairs


Innate Abilities, Weirdness & Mutations

You are too large for most types of armour.
You have claws for hands.
Your natural rate of healing is unusually fast.
You are covered in fur. (AC +1)
You have tough skin. (AC +1)
You are weak. (Str -2)
You cannot study or cast Conjurations magic.
You cannot study or cast Fire magic.
You cannot study or cast Transmutations magic.
Your casting is slightly disrupted.


Message History

* * * LOW HITPOINT WARNING * * *
The killer bee stings you.
* * * LOW HITPOINT WARNING * * *
You hit the killer bee.
The killer bee is heavily wounded.
You closely miss the killer bee.
You feel sick. The killer bee barely misses you.
The killer bee stings you but does no damage.
The killer bee stings you.
* * * LOW HITPOINT WARNING * * *
You are more poisoned.
The killer bee poisons you! You block the killer bee's attack.
You slash the killer bee!
You kill the killer bee!
You barely miss the killer bee.
Your spectral +1 spectral war axe misses the killer bee.
You feel very sick.
The killer bee stings your spectral +1 spectral war axe.
The killer bee barely misses you.
The killer bee closely misses your spectral +1 spectral war axe.
You barely miss the killer bee.
Your spectral +1 spectral war axe hits the killer bee.
You feel very sick. The killer bee stings you.
* * * LOW HITPOINT WARNING * * *
You hit the killer bee.
The killer bee is heavily wounded.
You closely miss the killer bee.
You feel very sick. The killer bee stings you.
* * * LOW HITPOINT WARNING * * *
The killer bee stings you but does no damage.
You block the killer bee's attack. The killer bee closely misses you.
The killer bee stings you.
* * * LOW HITPOINT WARNING * * *
You are more poisoned.
The killer bee poisons you!
You feel protected.
You feel sick. The killer bee closely misses you. The killer bee stings you.
You die...

....# #.# #.# ##### ###### ###.#
###### ##....####...#
.....###############.......##..##
..................##.♣♣♣....#..#.
.....##############....♣♣♣..'##'.
.....# #§#......♣♣..≈≈.) ######
##.#).._...♣..≈≈..
#@y#......♣♣..≈≈..
#y##....♣♣♣..####. #†###.♣♣♣....#
#. #.# #.......###### #.#
##....###.<..# #########
#####'#########.......
........####........y..##........
...>....##.'..........y.#........
........'..#..............y......


You could see 2 killer bees.

Vanquished Creatures
  2 two-headed ogres
  Pikel (D:9)
  2 trolls
  A wyvern (D:7)
  4 yaks (D:9)
  A steam dragon (D:7)
  Edmund (D:4)
  4 water moccasins
  3 ice beasts (D:7)
  4 orc warriors
  A black bear (D:7)
  3 ogres
  3 centaurs
  2 kobold brigands
  A gnoll sergeant (D:8)
  2 scorpions
  3 bullfrogs
  4 killer bees (D:9)
  8 wights (D:9)
  7 howler monkeys
  A bullfrog zombie (D:6)
  2 jellies (D:7)
  3 centaur zombies
  3 orc priests
  A gnoll shaman (D:5)
  A hound (D:5)
  3 bullfrog skeletons
  3 centaur skeletons
  4 iguanas
  Jessica (D:3)
  Natasha (thrice) (D:2)
  3 orc wizards
  A howler monkey zombie (D:5)
  13 gnolls
  A howler monkey skeleton (D:4)
  3 adders (D:2)
  A shadow imp (D:6)
  A white imp (D:5)
  2 ufetubi
  A worm (D:2)
  32 orcs
  2 ball pythons (D:1)
  2 endoplasms (D:2)
  A giant cockroach (D:4)
  4 goblins
  4 hobgoblins
  3 quokkas
  9 bats
  14 kobolds
179 creatures vanquished.

Vanquished Creatures (others)
  An orc wizard (D:9)
  An orc (D:9)
2 creatures vanquished.

Grand Total: 181 creatures vanquished

Notes
Turn   | Place    | Note
-------+----------+-------------------------------------------
     0 | D:1      | Acheron the Troll Enchanter began the quest for the Orb.
     0 | D:1      | Reached XP level 1. HP: 16/16 MP: 1/1
    43 | D:1      | Found Gill's Antique Armour Emporium.
   628 | D:1      | Found a faded altar of an unknown god.
   631 | D:1      | Became a worshipper of Ru the Awakened
   750 | D:2      | Reached XP level 2. HP: 23/24 MP: 2/2
   753 | D:2      | Learned a level 2 spell: Ensorcelled Hibernation
   753 | D:2      | Gained mutation: Your casting is slightly disrupted. [Ru
                  | sacrifice]
   862 | D:2      | Noticed Natasha
   869 | D:2      | Killed Natasha
   870 | D:2      | Reached skill level 1 in Unarmed Combat
   870 | D:2      | Reached XP level 3. HP: 22/32 MP: 3/3
  1098 | D:2      | Noticed Sigmund
  1190 | D:2      | Reached skill level 1 in Fighting
  1393 | D:2      | Noticed Natasha
  1406 | D:2      | Killed Natasha
  1407 | D:2      | Reached XP level 4. HP: 9/41 MP: 4/4
  1483 | D:2      | Reached skill level 2 in Unarmed Combat
  1969 | D:3      | Found a broken altar of Ashenzari.
  2023 | D:3      | Reached XP level 5. HP: 48/48 MP: 5/5
  2129 | D:2      | Noticed Natasha
  2137 | D:2      | Killed Natasha
  2336 | D:3      | Noticed Jessica
  2340 | D:3      | Killed Jessica
  2341 | D:3      | Reached skill level 3 in Unarmed Combat
  2822 | D:4      | Noticed Blork the orc
  2826 | D:4      | Noticed an ogre
  2828 | D:5      | Entered Level 5 of the Dungeon
  2843 | D:5      | Reached XP level 6. HP: 35/55 MP: 6/6
  2886 | D:5      | Reached skill level 4 in Unarmed Combat
  2978 | D:5      | Found Ryereny's General Store.
  3090 | D:5      | Noticed Edmund
  3138 | D:4      | Killed Edmund
  3139 | D:4      | Reached XP level 7. HP: 48/63 MP: 7/7
  3143 | D:4      | Reached skill level 5 in Unarmed Combat
  3335 | D:4      | Reached skill level 1 in Evocations
  3375 | D:4      | Gained mutation: You cannot study or cast Fire magic. [Ru
                  | sacrifice]
  3375 | D:4      | Gained mutation: You cannot study or cast Transmutations
                  | magic. [Ru sacrifice]
  3375 | D:4      | Gained mutation: You cannot study or cast Conjurations
                  | magic. [Ru sacrifice]
  3375 | D:4      | Reached * piety under Ru
  3375 | D:4      | Reached ** piety under Ru
  3866 | D:5      | Reached XP level 8. HP: 71/72 MP: 8/8
  4012 | D:6      | Reached skill level 6 in Unarmed Combat
  4097 | D:6      | Reached skill level 1 in Axes
  4097 | D:6      | Reached skill level 1 in Throwing
  4186 | D:6      | Found a staircase to the Ecumenical Temple.
  4196 | Temple   | Entered the Ecumenical Temple
  4586 | D:6      | Reached skill level 1 in Shields
  4624 | D:6      | Reached skill level 7 in Unarmed Combat
  4670 | D:6      | Found an iron altar of Okawaru.
  4697 | D:6      | Learned a level 3 spell: Frozen Ramparts
  4843 | D:7      | Identified the +3 dagger of Romaidewk {pain, SInv}
  5201 | D:7      | Reached XP level 9. HP: 78/80 MP: 9/9
  5382 | D:8      | Noticed a two-headed ogre
  5393 | D:8      | Killed a two-headed ogre
  5394 | D:8      | Reached skill level 8 in Unarmed Combat
  5552 | D:8      | Noticed a two-headed ogre
  5914 | D:7      | Noticed a troll
  5944 | D:7      | Reached skill level 9 in Unarmed Combat
  5998 | D:7      | Found a shimmering altar of Xom.
  6000 | D:7      | Found a burning altar of Makhleb.
  6000 | D:7      | Found a hide-covered altar of Uskayaw.
  6125 | D:7      | Killed a troll
  6126 | D:7      | Reached XP level 10. HP: 67/91 MP: 10/10
  7019 | D:9      | Reached skill level 1 in Armour
  7127 | D:9      | Noticed a two-headed ogre
  7135 | D:9      | Killed a two-headed ogre
  7255 | D:9      | Found a white marble altar of Elyvilon.
  7291 | D:9      | Found a snail-covered altar of Cheibriados.
  7482 | D:9      | Noticed Pikel
  7487 | D:9      | Killed Pikel
  7488 | D:9      | Reached skill level 5 in Dodging
  7578 | D:9      | Found an ornate altar of the Wu Jian Council.
  7853 | D:10     | Entered Level 10 of the Dungeon
  7892 | D:10     | Noticed a gargoyle
  7955 | D:10     | HP: 2/92 [vampire (3)]
  8019 | D:10     | Noticed a two-headed ogre
  8081 | D:9      | Gained mutation: You are weak. (Str -2) [Ru sacrifice]
  8158 | D:9      | HP: 2/93 [killer bee (4)]
  8159 | D:9      | Slain by a killer bee

Illustrated notes

Levels and vault maps discovered:
D:1:      amcnicky_arrival_blooded_trapdoor, layout_loops_ring,
          shapermc_ecumenical_altar_mp_urbaneastern, serial_shops, shop,
          minmay_misc_feat_columns, nrook_uturn, chequers_serial_rivers_micro_c
D:2:      layout_basic, uniq_sigmund, uniq_natasha
D:3:      layout_loops_corners, nicolae_ashenzari_skybound, uniq_jessica
D:4:      layout_loops_cross, bh_walls_and_bars, uniq_blork_the_orc
D:5:      layout_cave_pools, serial_shops, nicolae_shop_crystal,
          kennysheep_generic_room_8, uniq_edmund
D:6:      layout_rooms, kennysheep_okawaru_gauntlet, minmay_temple_entry_wispy
D:7:      minmay_clustersquares, layout_cave_pools,
          gammafunk_temple_overflow_claw, minmay_misc_feat_tiny
D:8:      layout_basic, minmay_orc_keep
D:9:      layout_roguey, mainiacjoe_overflow_two_lobes,
          mainiacjoe_overflow_alcove_1, uniq_pikel
D:10:     layout_rooms, nicolae_kikubaaqudgha_miasma_corner, erik_lair_island,
          grunt_decor_resistance, kennysheep_kite_vault
Temple:   oiseaux_autumnal_temple

Skill      XL: |  1  2  3  4  5  6  7  8  9 10 |
---------------+-------------------------------+-----
Stealth        | 2 3 |  3.8
Unarmed Combat | 1 2 3 4 5 7 9 |  9.1
Fighting       | 1 2 3 4 |  4.2
Dodging        | 2 3 4 5 |  5.0
Evocations     | 1 2 3 |  3.3
Axes           | 1 2 4 |  4.7
Throwing       | 1 2 3 |  3.6
Shields        | 1 2 3 |  3.0
Armour         | 2 |  2.3
Short Blades   | |  0.7
Spellcasting   | |  1.3
Hexes          | |  2.0

Action                   |  1- 3 |  4- 6 |  7- 9 | 10-12 || total
-------------------------+-------+-------+-------+-------++-------
Melee: Unarmed           |    74 |   121 |   280 |       ||   475
       Punch             |       |       |     8 |     4 ||    12
       War axe           |       |       |    24 |   142 ||   166
 Cast: Corona            |       |       |     1 |       ||     1
Invok: Sacrifice Essence |     1 |       |       |       ||     1
       Sacrifice Arcana  |       |       |     1 |       ||     1
       Sacrifice Purity  |       |       |       |     1 ||     1
Evoke: Wand              |       |       |       |     2 ||     2
  Use: Scroll            |       |     5 |     7 |     6 ||    18
       Potion            |       |     1 |     3 |     1 ||     5
 Stab: Sleeping          |     1 |     2 |     1 |     2 ||     6
       Invisible         |       |       |     1 |       ||     1
       Distracted        |       |       |     1 |     2 ||     3
Armor: Robe              |    28 |    31 |    67 |       ||   126
       Troll leather arm |       |       |       |    45 ||    45
Dodge: Dodged            |    43 |    64 |   137 |    85 ||   329
Block: Other             |       |     5 |    70 |    55 ||   130
       Reflection        |       |       |     5 |     3 ||     8
